 Dungeon Crawl Stone Soup version 0.32-a0-131-g9dbbe29261 (webtiles) character file.

Game seed: 2358659582385348583

1515 Hubris850 the Mimic (level 8, -13/56 HPs)
             Began as a Merfolk Shapeshifter on Feb 8, 2024.
             Was a Believer of Wu Jian.
             Mangled by a komodo dragon (20 damage)
             ... on level 6 of the Dungeon.
             The game lasted 00:14:10 (4482 turns).

Hubris850 the Mimic (Merfolk Shapeshifter)          Turns: 4482, Time: 00:14:11

Health: -13/56     AC:  4    Str: 16    XL:     8   Next: 83%
Magic:  8/8        EV: 25    Int:  9    God:    Wu Jian [**....]
Gold:   325        SH:  0    Dex: 20    Spells: 7/7 levels left

rFire   . .          .
                       - Unarmed
rCold   . . .        (shield currently unavailable)
rNeg    . . .        a - melded +0 animal skin
rPois   .            o - +1 helmet
rElec   .            (no cloak)
rCorr   .            y - +0 pair of gloves
SInv    .            n - +0 pair of boots
Will    .....        B - amulet of the acrobat
Stlth   +            v - +6 ring of dexterity
HPRegen 0.29/turn    I - +5 ring of evasion
MPRegen 0.11/turn

%: acrobat
@: mighty, flux-form, glowing
A: glow, contaminating, (nimble swimmer 2), mertail
a: Begin Untransformation, Renounce Religion, Wall Jump


You were on level 6 of the Dungeon.
You worshipped Wu Jian.
Wu Jian was pleased with you.
You were something dangerously unstable.
You visited 1 branch of the dungeon, and saw 6 of its levels.

You collected 325 gold pieces.

Inventory:

Hand Weapons
 L - a +5 short sword
 M - a +5 great sword of freezing
Missiles
 u - 5 poisoned darts (quivered)
Armour
 a - a +0 animal skin (melded)
 n - a +0 pair of boots (worn)
 o - a +1 helmet (worn)
 p - an orb of mayhem
 y - a +0 pair of gloves (worn)
 F - a +2 ring mail of cold resistance
 N - a +1 robe of willpower
Jewellery
 f - an amulet of magic regeneration
 j - a ring of protection from fire
 v - a +6 ring of dexterity (left hand)
 B - an amulet of the acrobat (around neck)
 I - a +5 ring of evasion (right hand)
Talismans
 c - a beast talisman
 d - a flux talisman (active)
 g - a serpent talisman
Wands
 E - a wand of roots (14)
 G - a wand of flame (1)
Scrolls
 h - 2 scrolls of teleportation {unknown}
 m - 2 scrolls of enchant weapon {unknown}
 q - a scroll of vulnerability {unknown}
 w - a scroll of revelation {unknown}
 x - a scroll of butterflies {unknown}
 C - 2 scrolls of fear {unknown}
 K - a scroll of blinking {unknown}
Potions
 b - a potion of lignification
 e - a potion of heal wounds
 i - a potion of degeneration
 k - 2 potions of mutation
 r - a potion of berserk rage
 s - 3 potions of haste
 z - a potion of resistance {unknown}
 A - a potion of cancellation {unknown}
 D - 2 potions of brilliance {unknown}
 H - 5 potions of curing {unknown}
 J - a potion of enlightenment {unknown}
 O - a potion of invisibility {unknown}


   Skills:
 - Level 2.0 Fighting
 - Level 7.0 Dodging
 + Level 7.9 Unarmed Combat
 + Level 9.0 Shapeshifting


You had 7 spell levels left.
You didn't know any spells.
Your spell library contained the following spells:

 Spells                   Type           Power      Damage    Failure   Level
 Kiss of Death            Conj/Necr      0%         2d5       38%         1
 Sting                    Conj/Alch      0%         1d3       38%         1
 Mercury Vapours          Alch/Air       0%         N/A       52%         2
 Confusing Touch          Hex            0%         N/A       77%         3
 Summon Ice Beast         Ice/Summ       0%         N/A       77%         3
 Dispel Undead            Necr           0%         3d6       99%         4
 Olgreb's Toxic Radiance  Alch           0%         N/A       99%         4
 Summon Mana Viper        Hex/Summ       0%         N/A       100%        5
 Monstrous Menagerie      Summ           0%         N/A       100%        7


Dungeon Overview and Level Annotations

Branches:
Dungeon (6/15)
 Temple: D:4-7

Altars:
Ashenzari
Elyvilon
Makhleb
Vehumet
Wu Jian
Yredelemnul
Zin
The Shining One


Innate Abilities, Weirdness & Mutations

You are something dangerously unstable.
You glow with magical radiation, making you easy to see and hit.
Foes you strike become dangerously contaminated with magical radiation.
You are incapable of wielding weapons or throwing items.
((You are very nimble when in or above water. (Stealth+, EV+, Speed+++)))
Your lower body shifts to a powerful aquatic tail in water.


Message History

The komodo dragon hisses angrily.
You hear a roar!
Found a morningstar.
It was a potion of heal wounds.
You feel much better.
Okay, then.
As you read the scroll labelled UTZEUG QUNEOSS, it crumbles to dust.
It is a scroll of identify.
i - a potion of degeneration
As you read the scroll of identify, it crumbles to dust.
k - 2 potions of mutation
As you read the scroll of identify, it crumbles to dust.
r - a potion of berserk rage
As you read the scroll of identify, it crumbles to dust.
s - 3 potions of haste
As you read the scroll of identify, it crumbles to dust.
t - a potion of might
Okay, then.
Unknown command.
Found a glowing dire flail.
You feel very mighty all of a sudden.
You open the large door. You hit the komodo dragon.
The komodo dragon begins to glow.
The komodo dragon is lightly wounded.
The komodo dragon bites you!! The acid dragon completely misses you.
The acid dragon claws you.
You punch the komodo dragon!
The komodo dragon glows dangerously bright.
The komodo dragon is moderately wounded.
The komodo dragon completely misses you.
The acid dragon closely misses you. The acid dragon misses you.
You hit the komodo dragon.
The komodo dragon shudders as magic cascades through it.
The komodo dragon twists and deforms.
The komodo dragon is heavily wounded.
The komodo dragon bites you!!
* * * LOW HITPOINT WARNING * * *
The acid dragon closely misses you. x2
You punch the komodo dragon!
The komodo dragon begins to glow.
The komodo dragon is severely wounded.
The komodo dragon bites you!!
You die...

...#....#..###
.(####..#....####
..###........#.(#
........#.......##### ##
.......##.......#.......
.......#..##......# ####
..........##...#.##ß))ß#
#.........#......#ß....ß
####..##........pl......
.#######.#.###...D......
..#####).#.......#ß....ß
...##............##ß$=ß#
......##..#....... #####
.......#. #...###+#
......## ....#
..[....###...
###........#


You could see a komodo dragon (contam, misshapen) and an acid dragon.

Vanquished Creatures
  3 ogres (D:5)
  A black bear (D:5)
  A centaur (D:5)
  A phantom (D:4)
  A kobold brigand (D:6)
  3 scorpions
  5 wights (D:6)
  A crimson imp (D:4)
  A bombardier beetle (D:5)
  2 jellies (D:5)
  An orc priest (D:6)
  2 hounds (D:5)
  2 iguanas (D:5)
  5 gnolls
  6 adders
  2 shadow imps (D:6)
  A white imp (D:6)
  3 ufetubi (D:6)
  5 dart slugs
  2 ribbon worms (D:4)
  8 orcs
  3 bats
  7 endoplasms
  5 giant cockroaches
  7 goblins
  7 hobgoblins
  2 jackals (D:2)
  8 kobolds
  A quokka (D:3)
  8 ball pythons
  3 frilled lizards
  7 rats
114 creatures vanquished.

Notes
Turn   | Place    | Note
-------+----------+-------------------------------------------
     0 | D:1      | Hubris850 the Merfolk Shapeshifter began the quest for the
                  | Orb.
     0 | D:1      | Reached XP level 1. HP: 15/15 MP: 1/1
    73 | D:1      | Reached XP level 2. HP: 10/21 MP: 2/2
   508 | D:1      | Reached XP level 3. HP: 27/27 MP: 3/3
   896 | D:2      | Reached XP level 4. HP: 33/33 MP: 4/4
   987 | D:2      | HP: 1/33 [gnoll/+0 club (6)]
  1258 | D:2      | Found a basalt altar of Yredelemnul.
  1447 | D:2      | Found a faded altar of an unknown god.
  1476 | D:2      | Prayed at the altar of an unknown god.
  1476 | D:2      | Became a worshipper of the Wu Jian Council
  1476 | D:2      | Reached * piety under Wu Jian
  1700 | D:3      | Reached skill level 5 in Shapeshifting
  1701 | D:3      | Found a white marble altar of Elyvilon.
  1701 | D:3      | Found a glowing golden altar of the Shining One.
  1701 | D:3      | Found a glowing silver altar of Zin.
  1723 | D:3      | Reached XP level 5. HP: 38/38 MP: 5/5
  2830 | D:4      | Found a broken altar of Ashenzari.
  2833 | D:4      | Reached XP level 6. HP: 44/44 MP: 6/6
  2867 | D:4      | Reached skill level 5 in Dodging
  2867 | D:4      | Reached skill level 5 in Unarmed Combat
  2903 | D:4      | Found a burning altar of Makhleb.
  2904 | D:4      | Found a radiant altar of Vehumet.
  3162 | D:5      | Entered Level 5 of the Dungeon
  3169 | D:5      | Reached skill level 6 in Shapeshifting
  3317 | D:5      | Reached XP level 7. HP: 25/50 MP: 7/7
  3550 | D:5      | Reached ** piety under Wu Jian
  3702 | D:5      | Reached skill level 7 in Shapeshifting
  3738 | D:5      | Reached XP level 8. HP: 56/56 MP: 8/8
  3879 | D:5      | Reached skill level 8 in Shapeshifting
  4431 | D:6      | Reached skill level 9 in Shapeshifting
  4462 | D:6      | Found a large runed translucent door.
  4462 | D:6      | Found a large runed translucent door.
  4466 | D:6      | Noticed a komodo dragon
  4482 | D:6      | Mangled by a komodo dragon

Illustrated notes

Levels and vault maps discovered:
D:1:      ldierk_walled_garden, layout_loops_cross, chequers_mini_garden,
          minmay_statues_item, minmay_heptomino_h4
D:2:      layout_rooms, basic_altar, hellmonk_ecumenical_altar_zigzags
D:3:      layout_loops_ring, dreamdust_divine_triumvirate
D:4:      layout_loops_cross, grunt_temple_overflow_lords_of_destruction,
          mainiacjoe_overflow_tiny_flanked
D:5:      kennysheep_six_static_rooms, layout_rooms
D:6:      layout_cave_pools, serial_demonic, serial_demonic_a, serial_demonic_f,
          serial_demonic_e, serial_demonic_d, minmay_hollow_rounded_squares

Skill      XL: |  1  2  3  4  5  6  7  8 |
---------------+-------------------------+-----
Dodging        | 3 4 5 7 |  7.0
Fighting       | 2 |  2.0
Unarmed Combat | 4 5 6 7 |  7.9
Shapeshifting  | 5 6 7 9 |  9.0

Action                     |  1- 3 |  4- 6 |  7- 9 || total
---------------------------+-------+-------+-------++-------
  Melee: Unarmed           |    79 |   136 |   150 ||   365
         Punch             |     2 |     7 |       ||     9
Ability: Lunge             |       |    15 |    16 ||    31
         Whirlwind         |       |    16 |    22 ||    38
         Wall Jump         |       |       |     2 ||     2
    Use: Scroll            |       |       |     5 ||     5
         Potion            |       |       |     2 ||     2
   Stab: Sleeping          |     1 |     5 |       ||     6
 Armour: Animal skin       |    37 |    48 |       ||    85
         Skin              |       |     2 |    34 ||    36
  Dodge: Dodged            |    53 |    64 |   171 ||   288
   Form: Flux              |       |     1 |       ||     1

Table legend: (Time is in decaauts)
 A = Elapsed time spent in this place.
 B = Non-inter-level travel time spent in this place.
 C = Inter-level travel time spent in this place.
 D = Time resting spent in this place.
 E = Time spent auto-exploring this place.
 F = Levels seen in this place.
 G = Mean time per level.
                   A        B        C        D        E       F      G
               +--------+--------+--------+--------+--------+-----+--------+
         Total |   4456 |   4289 |    167 |    730 |   2740 |   6 |  742.7 |
       Dungeon |   4456 |   4289 |    167 |    730 |   2740 |   6 |  742.7 |
               +--------+--------+--------+--------+--------+-----+--------+

Top non-repeatable levels by time:
     D:4: 900 daAuts
     D:5: 864 daAuts
     D:2: 811 daAuts
     D:1: 800 daAuts
     D:3: 635 daAuts
     D:6: 445 daAuts
